 Dungeon Crawl Stone Soup version 0.29.0-11-gd7f09526c8 (webtiles) character file.

Game seed: 4242384057732690665

501 Querens the Shield-Bearer (level 7, -2/61 HPs)
             Began as a Meteoran Fighter on Sept 1, 2022.
             Slain by a gnoll
             ... wielding a +0 spear
              (5 damage)
             ... on level 4 of the Dungeon on Sept 2, 2022.
             The game lasted 00:10:04 (2120 turns).

Querens the Shield-Bearer (Meteoran Fighter)        Turns: 2120, Time: 00:10:05

Health: -2/61      AC: 11    Str: 20    XL:     7   Next: 68%
Magic:  8/8        EV:  7    Int: 10    God:
Gold:   294        SH:  5    Dex: 13    Spells: 6/6 levels left

rFire   . . .      SeeInvis .   a - +0 war axe
rCold   . . .      Faith    .   c - +0 buckler
rNeg    . . .      Spirit   .   v - +0 chain mail {rPois}
rPois   +          Reflect  .   n - +0 helmet
rElec   .          Harm     .   (no cloak)
rCorr   .          Rampage  .   (no gloves)
Will    +....                   (no boots)
Stlth   ..........              (no amulet)
HPRegen 0.20/turn               h - ring of willpower
MPRegen 0.11/turn               (no ring)

@: glowing
A: sense surroundings 1, otherworldly, glowing, explore regen
a: no special abilities


You were on level 4 of the Dungeon.
You visited 1 branch of the dungeon, and saw 4 of its levels.

You collected 294 gold pieces.

Inventory:

Hand Weapons
 a - a +0 war axe (weapon)
Armour
 c - a +0 buckler (worn)
 n - a +0 helmet (worn)
 v - a +0 chain mail of poison resistance (worn)
Jewellery
 h - a ring of willpower (left hand)
Wands
 u - a wand of flame (24)
Scrolls
 b - a scroll of immolation {unknown}
 f - a scroll of fear {unknown}
 g - 2 scrolls of fog {unknown}
 j - 4 scrolls of teleportation {unknown}
 m - a scroll of enchant weapon {unknown}
 o - 3 scrolls of identify {unknown}
 p - a scroll of noise {unknown}
 q - a scroll of amnesia {unknown}
 r - 2 scrolls of magic mapping {unknown}
Potions
 d - 2 potions of might
 e - a potion of mutation {unknown}
 i - a potion of attraction {unknown}
 k - 2 potions of degeneration {unknown}
 l - 3 potions of flight {unknown}
 s - a potion of ambrosia {unknown}
 t - 2 potions of lignification {unknown}


   Skills:
 + Level 5.1 Fighting
 + Level 4.9 Axes
 + Level 5.6 Armour
 + Level 5.7 Shields


You had 6 spell levels left.
You didn't know any spells.
Your spell library was empty.

Dungeon Overview and Level Annotations

Branches:
Dungeon (4/15) Zot: 367
 Temple: D:4-7

Altars:
Kikubaaqudgha
Sif Muna


Innate Abilities, Weirdness & Mutations

You passively map a small area around you.
You are easily found by Zot.
You glow in the dark.
You regain HP and MP as you explore.


Message History

The gnoll hits you but does no damage.
You slash the gnoll!
You kill the gnoll!
You block the gnoll's attack. x2; The gnoll hits you but does no damage.
You slash the gnoll!
The gnoll is almost dead.
The gnoll hits you but does no damage. x2
You slash the gnoll!
You kill the gnoll!
The gnoll hits you but does no damage.
You closely miss the kobold. The gnoll barely misses you.
The kobold hits you but does no damage. x2
The gnoll hits you from afar with a +0 spear.
* * * LOW HITPOINT WARNING * * *
You hit the kobold.
You kill the kobold!
The gnoll barely misses you.
You hit the kobold but do no damage.
The gnoll hits you from afar with a +0 spear.
* * * LOW HITPOINT WARNING * * *
You block the kobold's attack.
You slash the kobold!
You kill the kobold!
You block the gnoll's attack. You block the gnoll's attack.
You closely miss the gnoll. The gnoll hits you but does no damage.
The gnoll hits you with a +0 spear.
* * * LOW HITPOINT WARNING * * *
You hit the gnoll.
The gnoll is lightly wounded.
The gnoll hits you with a +0 spear.
* * * LOW HITPOINT WARNING * * *
You hit the gnoll.
The gnoll is heavily wounded.
The gnoll hits you with a +0 spear!
* * * LOW HITPOINT WARNING * * *
You hit the gnoll.
The gnoll is almost dead.
The gnoll hits you with a +0 spear.
You die...

~ ~ * ~ ~ ~ ~~~ ~#####~ ~
###### ########...#~ ~~
.....## ##......#...# ~
......###.......#...# ~
.......#........##)## ~
.......#....(.....)# ~
.......'...........# ~ ~
.......#........@g.#~ ~~
.......#........##)#* ~~~ ~
......###.......#...#≈≈≈≈≈≈≈#
.....## ##......#...#≈≈≈≈≈≈≈#
#################...#≈≈≈≈≈≈≈#
≈≈≈≈≈≈≈≈≈≈≈≈≈≈≈≈#####≈≈≈≈≈≈≈#
~≈≈~≈≈≈≈≈≈~≈≈≈≈≈≈≈≈≈≈≈≈≈≈≈≈≈#
~~~~~~~~≈~~≈≈~~~~~~~~≈~~~~~~#
~.~...~.~~~~~~.~.~.~..~.~.~~#


You could see a gnoll.

Vanquished Creatures
  A scorpion (D:4)
  A hound (D:4)
  Ijyb (D:4)
  An iguana (D:4)
  An orc wizard (D:4)
  Natasha (thrice) (D:4)
  Robin (D:3)
  11 gnolls (D:4)
  3 adders
  A worm (D:2)
  8 orcs
  5 endoplasms (D:1)
  3 giant cockroaches
  12 goblins
  15 hobgoblins
  2 jackals (D:1)
  24 kobolds
  2 quokkas (D:1)
  4 ball pythons
  8 bats
  4 frilled lizards
  7 rats
118 creatures vanquished.

Notes
Turn   | Place    | Note
-------+----------+-------------------------------------------
     0 | D:1      | Querens the Meteoran Fighter began the quest for the Orb.
     0 | D:1      | Reached XP level 1. HP: 19/19 MP: 2/2
    26 | D:1      | Reached XP level 2. HP: 23/26 MP: 3/3
   160 | D:1      | Reached XP level 3. HP: 29/31 MP: 4/4
   471 | D:1      | Glimpsed the power of Zot.
   513 | D:1      | Found a faded altar of an unknown god.
   519 | D:1      | Glimpsed the power of Zot.
   558 | D:1      | Glimpsed the power of Zot.
   568 | D:1      | Touched by the power of Zot.
   701 | D:2      | Reached XP level 4. HP: 25/27 MP: 5/5
  1108 | D:3      | Upgraded the game from 0.29.0-7-g18a832c13a to
                  | 0.29.0-11-gd7f09526c8
  1202 | D:3      | Found a shimmering blue altar of Sif Muna.
  1336 | D:3      | Noticed Robin
  1338 | D:3      | Reached XP level 5. HP: 36/36 MP: 6/6
  1346 | D:3      | Killed Robin
  1517 | D:4      | Reached XP level 6. HP: 34/51 MP: 7/7
  1573 | D:4      | Noticed Natasha
  1578 | D:4      | Killed Natasha
  1579 | D:4      | Reached skill level 5 in Shields
  1603 | D:4      | Reached skill level 5 in Armour
  1640 | D:4      | Found an ancient bone altar of Kikubaaqudgha.
  1744 | D:4      | Noticed Ijyb
  1754 | D:4      | Killed Ijyb
  1755 | D:4      | Reached XP level 7. HP: 58/60 MP: 8/8
  1833 | D:4      | Noticed Natasha
  1844 | D:4      | Killed Natasha
  1933 | D:4      | Noticed Natasha
  1946 | D:4      | Killed Natasha
  2034 | D:4      | Reached skill level 5 in Fighting
  2119 | D:4      | HP: 3/61 [gnoll/+0 spear (7)]
  2120 | D:4      | Slain by a gnoll

Illustrated notes

Levels and vault maps discovered:
D:1:      minmay_arrival_checkered_box, layout_basic,
          shapermc_ecumenical_altar_mp_vishouse
D:2:      layout_basic
D:3:      layout_rooms, nicolae_sif_muna_condensation, uniq_robin
D:4:      minmay_goblin_kobold_castle, layout_layer_cave,
          mainiacjoe_overflow_catwalk, uniq_ijyb, uniq_natasha

Skill      XL: |  1  2  3  4  5  6  7 |
---------------+----------------------+-----
Shields        | 4 5 |  5.7
Armour         | 4 5 |  5.6
Axes           | 3 4 |  4.9
Fighting       | 4 5 |  5.1

Action                   |  1- 3 |  4- 6 |  7- 9 || total
-------------------------+-------+-------+-------++-------
Melee: War axe           |    99 |   117 |   101 ||   317
Armor: Scale mail        |    68 |    79 |    20 ||   167
       Chain mail        |       |       |    42 ||    42
Dodge: Dodged            |    32 |    43 |    34 ||   109
Block: Buckler           |    39 |    32 |    31 ||   102
